 Dungeon Crawl Stone Soup version 0.32-a0-7-ge934b4519a (webtiles) character file.

Game seed: 773926440952080642

257 Laraso the Slasher (level 5, -6/67 HPs)
             Began as a Draconian Monk on Jan 13, 2024.
             Was a Believer of the Shining One.
             Mangled by a gnoll
             ... wielding a +0 halberd
              (7 damage)
             ... on level 3 of the Dungeon.
             The game lasted 00:02:49 (2320 turns).

Laraso the Slasher (Draconian Monk)                 Turns: 2320, Time: 00:02:50

Health: -6/67      AC:  5    Str: 14    XL:     5   Next: 93%
Magic:  5/5        EV: 13    Int: 10    God:    the Shining One [**....]
Gold:   48         SH:  6    Dex: 21    Spells: 4/4 levels left

rFire   . . .        a - +0 falchion
rCold   . . .        c - orb {light}
rNeg    + . .        (body armour unavailable)
rPois   .            (helmet restricted)
rElec   .            (no cloak)
rCorr   .            (no gloves)
SInv    .            (no boots)
Will    .....        (no amulet) Stlth
                     o - ring of wizardry
HPRegen 0.31/turn    l - +6 ring of dexterity
MPRegen 0.09/turn

%: wizardry (x1)
@: berserking, divinely shielded, glowing, very quick
A: AC +5, unfitting armour, cold-blooded
a: Renounce Religion, Divine Shield


You were on level 3 of the Dungeon.
You worshipped the Shining One.
The Shining One was pleased with you.
You visited 1 branch of the dungeon, and saw 3 of its levels.

You collected 88 gold pieces.
You spent 40 gold pieces at shops.

Inventory:

Hand Weapons
 a - a +0 falchion (weapon)
Missiles
 f - 2 atropa-tipped darts (quivered)
 h - 6 darts of dispersal
Armour
 c - an orb of light (worn)
Jewellery
 l - a +6 ring of dexterity (right hand)
 o - a ring of wizardry (left hand)
Scrolls
 d - a scroll of poison
 g - a scroll of identify
 j - a scroll of blinking
 k - a scroll of torment {unknown}
 m - 2 scrolls of teleportation {unknown}
 p - a scroll of noise {unknown}
 r - 2 scrolls of fog {unknown}
Potions
 i - a potion of brilliance
 n - a potion of enlightenment {unknown}
 q - a potion of curing {unknown}


   Skills:
 - Level 3.2 Fighting
 * Level 6.5 Long Blades
 - Level 1.0 Throwing
 - Level 2.6 Dodging


You had 4 spell levels left.
You didn't know any spells.
Your spell library contained the following spells:

 Spells                   Type           Power      Damage    Failure   Level
 Apportation              Tloc           0%         N/A       16%         1
 Necrotise                Necr           0%         1d4       16%         1
 Sting                    Conj/Alch      0%         1d3       16%         1
 Summon Small Mammal      Summ           0%         N/A       16%         1


Dungeon Overview and Level Annotations

Branches:
Dungeon (3/15)

Altars:
Fedhas
Qazlal
The Shining One

Shops:
D:2 !*!*=


Innate Abilities, Weirdness & Mutations

Your plain brown scales are hard. (AC +5)
You cannot fit into any form of body armour.
You are cold-blooded and may be slowed by cold attacks.


Message History

* * * LOW HITPOINT WARNING * * *
Ijyb hits you but does no damage.
You are confused.
You feel invigorated. The gnoll hits you but does no damage.
Ijyb screams, "Me kill you!"
Ijyb zaps a wand.
The bolt of acid misses you. The gnoll misses you. Ijyb misses you.
The gnoll closely misses you. Ijyb hits you with a +0 dagger.
The gnoll closely misses you. Ijyb misses you. The gnoll barely misses you.
Ijyb hits you with a +0 dagger.
The gnoll hits you from afar with a +0 halberd.
Ijyb closely misses you. The gnoll closely misses you.
Ijyb hits you but does no damage.
You feel less invigorated.
You feel less confused.
The gnoll hits you from afar with a +0 halberd!
Ijyb hits you with a +0 dagger.
A red film seems to cover your vision as you go berserk!
You feel yourself moving faster!
You feel mighty! The gnoll closely misses you. Ijyb hits you with a +0 dagger.
You slash Ijyb!
Ijyb is almost dead.
The gnoll hits you from afar with a +0 halberd!
* * * LOW HITPOINT WARNING * * *
Ijyb hits you with a +0 dagger.
* * * LOW HITPOINT WARNING * * *
You hit Ijyb. You tail-slap Ijyb.
You kill Ijyb!
The gnoll barely misses you.
Items here: ))) / [[ ††.
You barely miss the gnoll. The gnoll hits you with a +0 halberd.
* * * LOW HITPOINT WARNING * * *
You barely miss the gnoll. The gnoll hits you with a +0 halberd!
* * * LOW HITPOINT WARNING * * *
You hit the gnoll.
The gnoll is moderately wounded.
You hit the gnoll.
The gnoll is severely wounded.
The gnoll hits you with a +0 halberd!
You die...

######### #.......#
###################.......#
#####..........g@)...............
......####.....##########.......#
#...### #.#'#.### #.......#
..#.######.# #...# #########
#.#........# #o#.## ...........#
#S.o.# #.##......## ##.#.#
#.##......# #h.o. ..##......#
#..#o#


You could see a gnoll.

Vanquished Creatures
  A howler monkey (D:3)
  Ijyb (D:3)
  Terence (D:2)
  An orc wizard (D:3)
  4 gnolls
  3 adders
  3 dart slugs
  5 ribbon worms
  5 orcs (D:3)
  5 endoplasms
  2 giant cockroaches
  5 goblins
  3 hobgoblins
  2 jackals (D:3)
  A quokka (D:2)
  6 ball pythons
  2 bats
  2 frilled lizards
  2 kobolds
  3 rats
57 creatures vanquished.

Notes
Turn   | Place    | Note
-------+----------+-------------------------------------------
     0 | D:1      | Laraso the Draconian Monk began the quest for the Orb.
     0 | D:1      | Reached XP level 1. HP: 19/19 MP: 1/1
   177 | D:1      | Reached XP level 2. HP: 26/26 MP: 2/2
   861 | D:2      | Reached skill level 1 in Throwing
   861 | D:2      | Reached skill level 4 in Long Blades
   861 | D:2      | Reached XP level 3. HP: 25/31 MP: 3/3
   919 | D:2      | Found Etoexef's Jewellery Emporium.
   942 | D:2      | Noticed Terence
   953 | D:2      | Killed Terence
  1048 | D:2      | Reached XP level 4. HP: 31/38 MP: 4/4
  1146 | D:2      | Found a faded altar of an unknown god.
  1154 | D:2      | Reached skill level 5 in Long Blades
  1295 | D:2      | Prayed at the altar of an unknown god.
  1295 | D:2      | Became a worshipper of the Shining One
  1295 | D:2      | Reached * piety under the Shining One
  1295 | D:2      | Reached ** piety under the Shining One
  1330 | D:2      | Found Popriyne's Distillery.
  1331 | D:2      | Found Fyruut's General Store.
  1409 | D:2      | Found Ahionwitu's Distillery.
  1455 | D:2      | Found Eviyxo's Assorted Antiques.
  1493 | D:2      | Bought a scroll labelled PIJEMA MOIFUSK for 20 gold pieces
  1493 | D:2      | Bought a scroll labelled LUDEZA SIGRUD for 20 gold pieces
  1736 | D:3      | Found a stormy altar of Qazlal.
  1741 | D:3      | Found a blossoming altar of Fedhas.
  1813 | D:3      | Reached XP level 5. HP: 43/45 MP: 5/5
  1836 | D:3      | HP: 1/45 [gnoll/+0 halberd (5)]
  2287 | D:3      | Reached skill level 6 in Long Blades
  2290 | D:3      | Noticed Ijyb
  2304 | D:3      | HP: 1/45 [gnoll/+0 halberd (5)]
  2315 | D:3      | Killed Ijyb
  2318 | D:3      | HP: 1/67 [gnoll/+0 halberd (7)]
  2320 | D:3      | Mangled by a gnoll

Illustrated notes

Levels and vault maps discovered:
D:1:      roderic_octagonal_star, layout_loops_corners, hangedman_decor_growths
D:2:      layout_rooms, basic_ecumenical_altar, serial_shops,
          nicolae_shop_gibbet_a_chance, nicolae_shop_behind_doors,
          nicolae_shop_industrial_runoff, shop, shop, minmay_tiny_reverse_x,
          uniq_terence
D:3:      layout_basic, grunt_temple_overflow_forces_of_nature,
          mainiacjoe_overflow_surrounded_room,
          nicolae_wu_jian_immortal_techniques, nicolae_grassy_gnolls, uniq_ijyb

Skill      XL: |  1  2  3  4  5 |
---------------+----------------+-----
Throwing       | 1 |  1.0
Long Blades    | 4 5 6 |  6.5
Fighting       | |  3.2
Dodging        | |  2.6

Action                     |  1- 3 |  4- 6 || total
---------------------------+-------+-------++-------
  Melee: Falchion          |    56 |   118 ||   174
         Tailslap          |    12 |    25 ||    37
  Throw: Dart              |     2 |     1 ||     3
 Invoke: Divine Shield     |       |     1 ||     1
    Use: Scroll            |       |     4 ||     4
         Potion            |       |     2 ||     2
   Stab: Invisible         |     1 |       ||     1
 Armour: Skin              |    24 |    79 ||   103
  Dodge: Dodged            |    32 |    69 ||   101

Table legend: (Time is in decaauts)
 A = Elapsed time spent in this place.
 B = Non-inter-level travel time spent in this place.
 C = Inter-level travel time spent in this place.
 D = Time resting spent in this place.
 E = Time spent auto-exploring this place.
 F = Levels seen in this place.
 G = Mean time per level.
                   A        B        C        D        E       F      G
               +--------+--------+--------+--------+--------+-----+--------+
         Total |   2332 |   2298 |     34 |    304 |   1525 |   3 |  777.3 |
       Dungeon |   2332 |   2298 |     34 |    304 |   1525 |   3 |  777.3 |
               +--------+--------+--------+--------+--------+-----+--------+

Top non-repeatable levels by time:
     D:2: 1200 daAuts
     D:1: 777 daAuts
     D:3: 354 daAuts
